 Dungeon Crawl Stone Soup version 0.27-a0-1147-gb3d8e82157 (webtiles) character file.

Game seed: 9671274306584316902

450 leviel the Chopper (level 6, -3/52 HPs)
             Began as a Minotaur Fighter on May 11, 2021.
             Slain by an ogre
             ... wielding a +0 giant club
              (17 damage)
             ... on level 4 of the Dungeon.
             The game lasted 00:05:42 (3135 turns).

leviel the Chopper (Minotaur Fighter)               Turns: 3135, Time: 00:05:42

Health: -3/52      AC:  8    Str: 22    XL:     6   Next: 74%
Magic:  5/5        EV:  7    Int:  5    God:
Gold:   139        SH: 10    Dex: 16    Spells: 5/5 levels left

rFire    . . .     SeeInvis .   a - +0 war axe
rCold    . . .     Faith    .   c - +0 kite shield
rNeg     + . .     Spirit   .   b - +0 scale mail
rPois    .         Reflect  .   (helmet restricted)
rElec    .         Harm     .   e - +0 cloak
rCorr    .         Rampage  .   (no gloves)
Will     .....                  (no boots)
Stlth    ..........             (no amulet)
HPRegen  0.17/turn              o - ring of positive energy
MPRegen  0.09/turn              p - +6 ring of dexterity

@: no status effects
A: horns 2, retaliatory headbutt
a: no special abilities


You were on level 4 of the Dungeon.
You visited 1 branch of the dungeon, and saw 4 of its levels.

You collected 139 gold pieces.

Inventory:

Hand Weapons
 a - a +0 war axe (weapon)
Armour
 b - a +0 scale mail (worn)
 c - a +0 kite shield (worn)
 e - a +0 cloak (worn)
Jewellery
 o - a ring of positive energy (left hand)
 p - a +6 ring of dexterity (right hand)
Scrolls
 g - 4 scrolls of identify {@r1}
 i - a scroll of teleportation {unknown}
 j - a scroll of amnesia {unknown}
 l - a scroll of enchant weapon {unknown}
Potions
 d - a potion of attraction {unknown}
 f - a potion of haste {unknown}
 h - a potion of resistance {unknown}
 k - a potion of ambrosia {unknown}
 m - a potion of curing {unknown}
 n - a potion of berserk rage {unknown}


   Skills:
 - Level 4.2 Fighting
 * Level 7.0 Axes
 + Level 6.0 Armour
 - Level 3.8 Shields


You had 5 spell levels left.
You didn't know any spells.
Your spell library contained the following spells:

 Spells                   Type           Power      Damage    Failure   Level
 Animate Skeleton         Necr           0%         N/A       99%         1
 Corona                   Hex            0%         N/A       99%         1
 Magic Dart               Conj           0%         1d3       99%         1
 Pain                     Necr           0%         1d4       99%         1
 Ensorcelled Hibernation  Hex/Ice        0%         N/A       100%        2
 Searing Ray              Conj           0%         3d3       100%        2
 Confusing Touch          Hex            0%         N/A       100%        3
 Dazzling Flash           Conj/Hex       0%         N/A       100%        3
 Tukima's Dance           Hex            0%         N/A       100%        3
 Vampiric Draining        Necr           0%         2d6       100%        3
 Animate Dead             Necr           0%         N/A       100%        4
 Fulminant Prism          Conj/Hex       0%         3d6       100%        4
 Iskenderun's Mystic Bla  Conj/Tloc      0%         2d3       100%        4
 Agony                    Necr           0%         N/A       100%        5


Dungeon Overview and Level Annotations

Branches:
Dungeon (4/15)
 Temple: D:4-7

Altars:

Annotations:
D:4 Dowan, Duvessa


Innate Abilities, Weirdness & Mutations

You have a pair of horns on your head.
You reflexively headbutt those who attack you in melee.


Message History

There are monsters nearby!
You hit the giant cockroach.
You kill the giant cockroach!
Duvessa, Sister of Dowan comes into view.
She is wielding a +0 short sword.
Duvessa shouts!
The ogre hits you with a +0 giant club!!
Dowan, Brother of Duvessa comes into view.
He is wielding a +0 dagger.
An orc comes into view. It is wielding a +0 club.
The orc shouts!
You hit the ogre.
The ogre is lightly wounded.
The ogre closely misses you.
You barely miss the ogre. You headbutt the ogre.
The ogre is lightly wounded.
The ogre hits you with a +0 giant club!!
* * * LOW HITPOINT WARNING * * *
You are too injured to fight recklessly!
You are too injured to fight recklessly!
You are too injured to fight recklessly!
You are too injured to fight recklessly!
You are too injured to fight recklessly!
You are too injured to fight recklessly!
You are too injured to fight recklessly!
You are too injured to fight recklessly!
You are too injured to fight recklessly!
You are too injured to fight recklessly!
You are too injured to fight recklessly!
You are too injured to fight recklessly!
You are too injured to fight recklessly!
You are too injured to fight recklessly!
Unknown command.
Dowan gestures wildly while chanting.
Dowan blinks!
You see here 17 stones.
Okay, then.
There is a stone staircase leading down here.
You barely miss the ogre. Your headbutt misses the ogre.
The ogre is lightly wounded.
You block the ogre's attack. The ogre hits you with a +0 giant club!
You die...

#.# #.# #.# #.# #.# #.#
# #.##
#.#@##.#############
#.#O##.#...........#
#..##.#o##.......#####.#
.......e####.###.### #.#
##.##.....oe..e....###.#
#.#.####.(.......#.#
##.###.########.#.#.#.#
............eo...#.#.#.#
.###.##†########.#.#.#.#


You could see Duvessa, an ogre and an orc.

Vanquished Creatures
  Grinder (D:3)
  A scorpion (D:3)
  An orc priest (D:3)
  2 orc wizards (D:3)
  A howler monkey skeleton (D:2)
  3 adders
  A worm (D:2)
  6 orcs (D:3)
  2 bats
  4 endoplasms
  4 giant cockroaches
  6 goblins
  5 hobgoblins
  6 jackals
  4 quokkas
  2 ball pythons
  3 frilled lizards
  7 kobolds
  5 rats
64 creatures vanquished.

Vanquished Creatures (others)
  A plant (D:2)
1 creature vanquished.

Grand Total: 65 creatures vanquished

Notes
Turn   | Place    | Note
-------+----------+-------------------------------------------
     0 | D:1      | leviel the Minotaur Fighter began the quest for the Orb.
     0 | D:1      | Reached XP level 1. HP: 19/19 MP: 0/0
   625 | D:2      | Reached XP level 2. HP: 21/27 MP: 1/1
   753 | D:2      | Reached skill level 3 in Axes
   821 | D:2      | Reached XP level 3. HP: 29/33 MP: 2/2
  1190 | D:2      | Found a faded altar of an unknown god.
  1653 | D:3      | Noticed Grinder
  1674 | D:3      | Killed Grinder
  1675 | D:3      | Reached skill level 5 in Axes
  1675 | D:3      | Reached skill level 5 in Armour
  1675 | D:3      | Reached XP level 4. HP: 20/40 MP: 3/3
  1675 | D:3      | Reached XP level 5. HP: 23/46 MP: 4/4
  1877 | D:3      | Reached skill level 6 in Axes
  1877 | D:3      | Reached XP level 6. HP: 52/52 MP: 5/5
  2997 | D:4      | Reached skill level 7 in Axes
  3111 | D:4      | Noticed Duvessa
  3111 | D:4      | Noticed Dowan
  3135 | D:4      | Slain by an ogre

Illustrated notes

Levels and vault maps discovered:
D:1:      dpeg_arrival_rooms_c, layout_loops_ring
D:2:      layout_loops_ring, serial_forest, infiniplex_forest_clump_diagonal,
          infiniplex_forest_end_1, infiniplex_forest_lined_4_way,
          infiniplex_forest_clump_small, infiniplex_forest_clump_large,
          chequers_ecumenical_altar_simple_redux
D:3:      minmay_inner_zag, layout_basic, serial_glass, glass_columns_b,
          glass_columns_a, uniq_grinder
D:4:      layout_basic, nicolae_overflow_hidden_temple, temple_fountains,
          ebering_ghost_sewer_d, uniq_robin, uniq_duvessa, uniq_sigmund

Skill      XL: |  1  2  3  4  5  6 |
---------------+-------------------+-----
Fighting       | 4 |  4.2
Armour         | 4 5 6 |  6.0
Axes           | 3 5 6 7 |  7.0
Shields        | |  3.8

Action                   |  1- 3 |  4- 6 || total
-------------------------+-------+-------++-------
Melee: War axe           |    79 |    72 ||   151
       Headbutt          |    12 |    16 ||    28
  Use: Scroll            |     1 |       ||     1
       Potion            |     1 |       ||     1
Armor: Scale mail        |    33 |    30 ||    63
Dodge: Dodged            |    18 |    18 ||    36
Block: Kite shield       |    35 |    32 ||    67

Table legend: (Time is in decaauts)
 A = Elapsed time spent in this place.
 B = Non-inter-level travel time spent in this place.
 C = Inter-level travel time spent in this place.
 D = Time resting spent in this place.
 E = Time spent auto-exploring this place.
 F = Levels seen in this place.
 G = Mean time per level.
                   A        B        C        D        E       F      G
               +--------+--------+--------+--------+--------+-----+--------+
         Total |   3206 |   3078 |    128 |    267 |   2367 |   4 |  801.5 |
       Dungeon |   3206 |   3078 |    128 |    267 |   2367 |   4 |  801.5 |
               +--------+--------+--------+--------+--------+-----+--------+

Top non-repeatable levels by time:
     D:3: 1474 daAuts
     D:2: 971 daAuts
     D:1: 609 daAuts
     D:4: 151 daAuts
